AoeStats
← web

Arena

509675851Analyzed
4v4 RM · 4d ago on Sep 27, 2026· 44m 37s· 8 players
Game mode
Random Map
Map size
Large (8 player)
Population
200
Speed
Normal
Resources
Standard
Victory
Conquest
Starting age
Dark Age
Ending age
Imperial Age
RankedLock teamsTeams togetherTeam positionsShared explorationLock speedFull tech treeHidden civsTurbo modeCheats
Victory
Defeat
🇲🇴 Cumans · Macao SAR China
1321
+14
🇭🇰 Teutons · Hong Kong SAR China
1296
+15
🇲🇴 Spanish · Macao SAR China
1286
+16
🇦🇷 Hindustanis · Argentina
1265
+16
🇪🇸 Vietnamese · Spain
1306
-17
🇺🇸 Poles · United States
1281
-15
🇺🇸 Lithuanians · United States
1273
-15
🇩🇪 Slavs · Germany
1247
-14
web
10:52 Feudal Age
14:34 Castle Age
14:06 Double-Bit Axe
14:11 Horse Collar
16:53 Bow Saw
22:09 Wheelbarrow
23:21 Hand Cart
27:34 Imperial Age
24:51 Loom
24:52 Town Watch
26:34 Scale Barding Armor
26:40 Forging
26:42 Bloodlines
29:06 Iron Casting
31:13 Chain Barding Armor
30:37 Pikeman
32:46 Squires
34:42 Conscription
36:29 Halberdier
37:23 Fortified Wall
36:50 Elite Leitis
37:29 Gold Mining
37:51 Scale Mail Armor
38:17 Fletching
38:47 Chain Mail Armor
39:20 Fletching
Zenar
12:07 Feudal Age
15:50 Castle Age
14:34 Horse Collar
16:32 Heavy Plow
18:08 Double-Bit Axe
19:02 Wheelbarrow
22:02 Bow Saw
26:31 Gold Mining
30:25 Imperial Age
28:25 Szlachta Privileges
29:06 Scale Barding Armor
30:21 Bloodlines
30:11 Husbandry
30:54 Chain Barding Armor
30:45 Forging
31:27 Conscription
30:47 Cavalier
32:05 Iron Casting
34:26 Blast Furnace
38:00 Crop Rotation
37:46 Fletching
37:57 Padded Archer Armor
38:40 Hand Cart
38:10 Loom
38:13 Elite Skirmisher
39:42 Imperial Skirmisher
39:45 Crossbowman
40:53 Leather Archer Armor
40:33 Bodkin Arrow
41:23 Ballistics
42:31 Thumb Ring
43:55 Chemistry
42:58 Bracer
43:48 Fortified Wall
Chloroxid
10:23 Feudal Age
10:59 Man-at-Arms
11:33 Double-Bit Axe
11:32 Horse Collar
12:25 Loom
15:24 Wheelbarrow
14:57 Scale Mail Armor
17:09 Fletching
23:10 Castle Age
21:35 Gold Mining
23:03 Stone Mining
23:29 Long Swordsman
23:34 Pikeman
24:17 Squires
24:33 Chain Mail Armor
24:30 Forging
32:05 Imperial Age
31:11 Bow Saw
31:45 Scale Barding Armor
32:24 Iron Casting
32:43 Hand Cart
34:03 Chemistry
33:38 Capped Ram
35:01 Masonry
35:41 Heavy Scorpion
35:52 Two-Handed Swordsman
37:18 Plate Mail Armor
36:36 Town Watch
39:22 Blast Furnace
38:44 Heavy Plow
39:19 Conscription
39:53 Champion
40:55 Bodkin Arrow
41:00 Padded Archer Armor
pataka
10:15 Feudal Age
13:22 Double-Bit Axe
16:49 Loom
16:55 Fletching
18:26 Padded Archer Armor
18:23 Horse Collar
21:53 Castle Age
21:28 Gold Mining
21:57 Crossbowman
23:07 Bodkin Arrow
29:57 Imperial Age
29:41 Leather Archer Armor
30:49 Bracer
31:15 Thumb Ring
不講道德
11:19 Feudal Age
14:47 Castle Age
12:54 Horse Collar
13:46 Loom
13:48 Double-Bit Axe
24:09 Fletching
24:51 Padded Archer Armor
30:02 Husbandry
31:14 Bloodlines
34:31 Gold Mining
44:11 Heavy Plow
不講醫德
10:52 Feudal Age
10:39 Loom
14:38 Castle Age
13:02 Double-Bit Axe
13:49 Horse Collar
18:19 Bow Saw
20:29 Heavy Plow
22:28 Gold Mining
24:25 Wheelbarrow
24:37 Gold Shaft Mining
28:05 Imperial Age
25:21 Town Watch
26:18 Scale Barding Armor
26:52 Hand Cart
27:42 Chain Barding Armor
27:32 Forging
27:53 Stone Mining
28:19 Bloodlines
28:09 Husbandry
29:21 Plate Barding Armor
28:12 Heavy Camel Rider
31:49 Iron Casting
31:07 Imperial Camel Rider
32:55 Stone Shaft Mining
32:13 Light Cavalry
34:24 Blast Furnace
34:29 Two-Man Saw
34:58 Conscription
35:23 Siege Elephant
39:53 Grand Trunk Road
41:50 Fletching
42:02 Padded Archer Armor
41:38 Hussar
42:49 Shatagni
43:27 Hoardings
43:34 Hoardings
HOU
8:51 Feudal Age
9:17 Horse Collar
9:22 Double-Bit Axe
20:04 Castle Age
18:02 Gold Mining
18:45 Stone Mining
19:38 Bloodlines
19:20 Loom
20:58 Bow Saw
20:48 Heavy Plow
22:50 Scale Barding Armor
24:26 Gold Shaft Mining
28:29 Imperial Age
26:26 Chain Barding Armor
25:57 Pikeman
26:38 Squires
26:39 Scale Mail Armor
27:27 Wheelbarrow
27:26 Forging
27:07 Fletching
27:25 Town Watch
27:53 Fletching
28:18 Chain Mail Armor
28:06 Padded Archer Armor
28:19 Masonry
29:34 Iron Casting
29:15 Leather Archer Armor
29:39 Iron Casting
29:26 Ballistics
29:11 Bodkin Arrow
29:23 Halberdier
30:35 Ring Archer Armor
30:38 Conscription
31:10 Plate Mail Armor
31:29 Crop Rotation
32:44 Parthian Tactics
32:25 Thumb Ring
31:41 Elite Skirmisher
33:48 Blast Furnace
33:50 Chemistry
34:08 Cuman Mercenaries
34:09 Steppe Husbandry
35:36 Plate Barding Armor
36:19 Two-Man Saw
36:58 Hoardings
36:55 Elite Kipchak
38:23 Hand Cart
38:18 Capped Ram
39:16 Siege Ram
UnHappy
5:30 Loom
8:38 Feudal Age
9:31 Double-Bit Axe
12:18 Fletching
16:52 Wheelbarrow
16:17 Horse Collar
17:43 Gold Mining
22:34 Castle Age
20:51 Stone Mining
23:35 Bow Saw
23:44 Bodkin Arrow
24:56 Guard Tower
26:10 Ballistics
33:08 Imperial Age
31:18 Scale Mail Armor
31:52 Squires
31:22 Pikeman
33:50 Chain Mail Armor
33:11 Halberdier
34:25 Conscription
35:57 Plate Mail Armor
36:31 Stone Shaft Mining
36:58 Forging
37:28 Guilds
38:22 Chemistry
38:35 Heavy Scorpion
39:57 Iron Casting
43:12 Two-Man Saw
42:49 Coinage
43:21 Heavy Plow
43:40 Capped Ram
44:39 Siege Engineers
Connection lost

Rejoining the realm…

Still unreachable

The connection could not be restored.

Session expired

The server has moved on; the page needs a fresh start.